Map: Automaton LE

Players

Cham

  • Race: Zerg Zerg
  • Spawn Location: 9:00

Cloudy - Winner!

  • Race: Protoss Protoss
  • Spawn Location: 3:00

Event: 2019 WCS Spring

VOD

Have the link to the VOD?

Description

Time

  • Played on: May 17, 2019, 2:57 p.m.
  • Length: 11:05

All games in this series

Show
View Real Time Build Order
Export as new Build Order

Cham Zerg 

Build Orders: Hatch First 

Get SALT Encoding   

  12  0:00  Drone  
  13  0:09  Drone  
  14  0:17  Overlord  
  14  0:35  Drone x2  
  16  0:48  Hatchery  
  15  0:52  Drone  
  16  0:57  Drone  
  16  1:00  Drone  
  18  1:12  Extractor  
  18  1:15  Spawning Pool  
  16  1:19  Drone  
  16  1:23  Drone  
  18  1:31  Drone  
  19  1:41  Drone  
  20  1:51  Overlord  
  20  2:01  Queen x2  
  20  2:02  Zergling x2  
  20  2:03  Zergling x2  
  26  2:14  Metabolic Boost  
  26  2:17  Drone x2  
  28  2:24  Drone x2  
  30  2:41  Hatchery  
  29  2:47  Queen  
  31  2:53  Overlord  
  31  2:55  Drone  
  31  2:58  Drone  
  33  3:00  Drone  
  34  3:07  Overlord  
  34  3:14  Drone x4  
  34  3:19  Overlord  
  38  3:30  Lair  
  38  3:31  Drone x2  
  38  3:32  Drone  
  41  3:35  Drone  
  41  3:37  Drone  
  41  3:38  Drone  
  44  3:44  Roach Warren  
  44  3:48  Drone x2  
  44  3:51  Drone  
  44  3:55  Overlord  
  46  3:59  Drone  
  46  4:00  Drone x2  
  46  4:01  Drone  
  50  4:05  Drone x2  
  52  4:10  Overlord  
  52  4:14  Extractor x2  
  52  4:16  Drone x4  
  54  4:19  Drone  
  54  4:21  Zergling x2  
  54  4:22  Zergling x2  
  54  4:23  Zergling x2  
  58  4:25  Zergling x2  
  58  4:27  Zergling x2  
  58  4:28  Zergling x2  
  61  4:31  Overseer  
  61  4:33  Glial Reconstitution  
  61  4:36  Zergling x4  
  61  4:37  Zergling x2  
  64  4:38  Zergling x2  
  64  4:41  Overlord  
  64  4:44  Roach  
  67  4:46  Roach  
  67  4:48  Roach  
  67  4:51  Roach  
  73  4:58  Roach x2  
  73  4:59  Roach, Overlord  
  72  5:02  Roach x2  
  72  5:05  Drone x2  
  78  5:07  Roach  
  80  5:14  Roach  
  80  5:15  Overlord  
  81  5:22  Spore Crawler  
  81  5:23  Roach x2  
  81  5:25  Overseer  
  81  5:27  Roach x2  
  88  5:31  Overlord x2  
  88  5:34  Overlord  
  88  5:41  Overlord  
  88  5:43  Overlord  
  88  5:46  Overlord  
  87  5:52  Drone x8  
  87  5:55  Drone  
  87  5:56  Extractor  
  95  6:01  Drone  
  96  6:04  Overlord  
  96  6:05  Drone x2  
  96  6:08  Drone  
  96  6:09  Drone  
  100  6:12  Drone x3  
  100  6:13  Evolution Chamber, Extractor  
  100  6:16  Overlord, Extractor, Drone x2  
  100  6:18  Drone  
  103  6:20  Overseer  
  103  6:23  Drone x2  
  103  6:27  Drone  
  104  6:35  Hatchery  
  104  6:36  Overlord, Drone  
  104  6:38  Roach x2  
  107  6:41  Roach x2  
  107  6:44  Overlord  
  107  6:46  Roach  
  112  6:51  Overlord, Zerg Missile Weapons Level 1  
  112  6:52  Overlord  
  112  6:55  Roach  
  112  6:56  Roach  
  112  6:58  Roach  
  118  7:02  Overlord  
  118  7:03  Overlord  
  118  7:05  Roach x2  
  118  7:07  Overlord  
  122  7:12  Roach x2  
  122  7:13  Roach  
  122  7:15  Roach  
  130  7:17  Ravager x2  
  130  7:18  Ravager x4  
  130  7:21  Roach x2  
  140  7:25  Roach x2  
  140  7:27  Roach  
  140  7:28  Roach  
  148  7:30  Ravager  
  148  7:32  Roach x2  
  153  7:41  Roach  
  153  7:42  Roach x3  
  153  7:43  Overlord  
  161  7:49  Overlord  
  161  7:50  Roach x3  
  169  7:51  Ravager x2  
  169  7:55  Roach  
  169  7:59  Roach x2  
  169  8:00  Roach x3  
  169  8:05  Nydus Network  
  174  8:10  Overlord  
  174  8:11  Roach x2  
  176  8:13  Roach  
  176  8:15  Overseer  
  176  8:17  Overlord, Roach  
  176  8:18  Roach  
  182  8:25  Roach x2  
  182  8:26  Roach  
  186  8:35  Spine Crawler  
  186  8:40  Drone  
  187  8:43  Infestation Pit, Drone x3  
  187  8:45  Extractor x2, Hydralisk Den  
  185  8:48  Drone x3  
  185  8:49  Drone  
  185  8:50  Drone x5  
  185  8:51  Drone  
  185  8:52  Drone  
  194  9:04  Spire  
  190  9:26  Hive  
  190  9:33  Overlord  
  190  9:37  Hydralisk x2, Grooved Spines  
  190  9:38  Hydralisk x3  
  196  9:44  Overlord  
  171  10:08  Roach x9  
  171  10:09  Roach x9  
  171  10:10  Roach x2  
  171  10:12  Roach x2  
  171  10:13  Roach  
  188  10:17  Roach x3  
  188  10:20  Hydralisk x3  
  177  10:25  Hydralisk  
  173  10:31  Hydralisk x3  
  173  10:34  Hydralisk, Ravager x3  
  173  10:35  Hydralisk  
  182  10:37  Hydralisk  
  170  10:43  Roach  
Show
View Real Time Build Order
Export as new Build Order

Cloudy Protoss - Winner!

Build Orders: 1 Gate Expand, Archon Immortal, Archon Drop, Dark Templar Rush 

Get SALT Encoding   

  12  0:01  Probe  
  13  0:13  Probe  
  14  0:19  Pylon  
  14  0:25  Probe  
  15  0:35  Probe  
  15  0:39  Gateway  
  16  0:43  Probe  
  16  0:49  Assimilator  
  17  0:52  Probe  
  18  1:04  Probe  
  19  1:16  Probe  
  20  1:27  Nexus  
  20  1:38  Cybernetics Core  
  20  1:41  Probe  
  21  1:47  Assimilator  
  21  1:54  Probe  
  21  1:57  Pylon  
  22  2:05  Adept  
  22  2:06  Probe  
  25  2:18  Probe  
  26  2:25  Twilight Council  
  26  2:26  Stalker  
  26  2:30  Probe  
  26  2:33  Warp Gate  
  29  2:40  Probe x2  
  30  2:49  Probe  
  31  2:52  Probe  
  33  3:03  Robotics Facility  
  33  3:07  Probe x2  
  35  3:20  Probe x2, Dark Shrine  
  37  3:32  Probe x2, Gateway  
  39  3:40  Gateway  
  39  3:44  Gateway, Warp Prism  
  39  3:46  Probe  
  39  3:47  Probe  
  43  3:59  Probe x2  
  43  4:02  Pylon  
  45  4:07  Assimilator  
  45  4:08  Assimilator  
  45  4:11  Probe  
  45  4:15  Pylon  
  46  4:18  Observer  
  46  4:20  Probe  
  46  4:23  Probe  
  48  4:26  Pylon  
  49  4:32  Probe  
  49  4:35  Probe  
  51  4:48  Dark Templar x4  
  51  4:51  Immortal  
  59  5:03  Pylon  
  59  5:06  Archon  
  63  5:07  Archon  
  63  5:11  Nexus  
  63  5:20  Immortal  
  63  5:32  Forge  
  67  5:36  Sentry x2  
  67  5:42  Zealot x2  
  74  5:46  Probe x2  
  76  5:52  Protoss Ground Weapons Level 1  
  76  5:55  Charge  
  76  5:59  Gateway  
  76  6:08  Gateway  
  76  6:13  Immortal, Gateway  
  76  6:20  Pylon  
  76  6:21  Gateway  
  80  6:26  Sentry  
  80  6:27  Probe x2  
  80  6:29  Probe  
  85  6:36  Dark Templar x2  
  85  6:38  Probe  
  85  6:39  Probe  
  91  6:41  Probe  
  91  6:45  Archon  
  91  6:46  Probe  
  92  6:52  Probe  
  94  6:56  Probe  
  94  6:59  Pylon  
  94  7:00  Pylon  
  95  7:05  Probe x2  
  97  7:08  Probe  
  97  7:10  Pylon  
  97  7:12  Pylon  
  97  7:15  Pylon  
  98  7:17  Probe x2  
  98  7:22  Probe  
  101  7:27  Dark Templar x3  
  101  7:29  Probe  
  108  7:31  Dark Templar  
  108  7:35  Archon  
  110  7:38  Zealot x4  
  110  7:41  Immortal  
  110  7:43  Zealot x4  
  112  8:05  Protoss Ground Weapons Level 2  
  112  8:07  Probe x3  
  112  8:09  Dark Templar x2, Assimilator  
  119  8:13  Assimilator  
  119  8:14  Immortal  
  119  8:15  Shield Battery  
  119  8:16  Photon Cannon  
  119  8:17  Shield Battery  
  119  8:19  Probe x2  
  121  8:20  Zealot x6  
  121  8:21  Archon  
  137  8:31  Shield Battery  
  137  8:32  Pylon  
  137  8:33  Pylon  
  133  8:50  Observer  
  133  8:52  Photon Cannon  
  133  8:53  Immortal  
  133  8:54  Dark Templar x2  
  141  8:56  Zealot x3, Blink  
  141  8:57  Zealot x3  
  153  9:04  Archon  
  153  9:05  Observer  
  153  9:09  Pylon  
  153  9:12  Pylon  
  153  9:13  Pylon  
  153  9:15  Pylon  
  153  9:30  Immortal  
  153  9:32  Dark Templar x4  
  153  9:33  Zealot x4  
  153  9:36  Archon  
  153  9:37  Archon  
  169  9:42  Probe  
  171  10:03  Nexus  
  171  10:06  Zealot x8  
  148  10:23  Immortal  
  142  10:33  Zealot x8  
  118  10:56  Zealot x2  
  118  10:57  Zealot x6  
Tags
 
Add a new tag
Caveats
  • Supply blocks, unpowered buildings, or Contaminate may cause inaccurate times.
  • Supply counts are checked every 10 seconds.